 Dungeon Crawl Stone Soup version 0.27.1-2-g3b301248ec (webtiles) character file.

Game seed: 16242986296640418399

6020 worthlessgem the Nimble (level 11, -3/81 HPs)
             Began as a Djinni Conjurer on Sept 27, 2021.
             Was an Initiate of Gozag.
             Slain by an orc warrior (11 damage)
             ... on level 11 of the Dungeon on Sept 28, 2021.
             The game lasted 01:06:57 (16325 turns).

worthlessgem the Nimble (Djinni Conjurer)          Turns: 16325, Time: 01:07:00

Health: -3/81      AC:  3    Str: 15    XL:     11   Next: 10%
Gold:   480        EV: 14    Int: 21    God:    Gozag SH:  0 Dex: 10

rFire    + + .     SeeInvis .   b - +4 hand axe of Spontaneous Combustion {elec, Str+7}
rCold    x . .     Faith    .   (no shield)
rNeg     . . .     Spirit   .   h - +0 robe
rPois    ∞         Reflect  .   (no helmet)
rElec    .         Harm     .   (no cloak)
rCorr    .         Rampage  .   J - +0 pair of gloves
Will     +....                  (boots unavailable)
Stlth    ++........             B - amulet of the acrobat
HPRegen  0.23/turn              C - ring of wizardry
MPRegen  0.00/turn              (no ring)

@: flying
A: sickness immunity, fire resistance 2, cold vulnerability 1, float, innate
caster, hp casting, extra vitality 1, clumsy 1, MP-powered wands
a: Renounce Religion, Potion Petition, Call Merchant, Bribe Branch


You were on level 11 of the Dungeon.
You worshipped Gozag.
Gozag was aware of your devotion.
You visited 2 branches of the dungeon, and saw 12 of its levels.

You collected 688 gold pieces.
You paid 208 gold pieces to Gozag.

Inventory:

Hand Weapons
 a - a +0 hand crossbow
 b - the +4 hand axe of Spontaneous Combustion (weapon) {elec, Str+7}
   (You found it on level 5 of the Dungeon)

   It occasionally discharges a powerful burst of electricity upon striking a
   foe.
   Str:       It affects your strength (+7).
 I - a +5 scimitar
Missiles
 d - 115 bolts
 i - 10 boomerangs
 n - 83 poisoned darts (quivered)
 F - 2 throwing nets
Armour
 h - a +0 robe (worn)
 J - a +0 pair of gloves (worn)
Jewellery
 B - an amulet of the acrobat (around neck)
 C - a ring of wizardry (left hand)
Wands
 o - a wand of flame (35)
 r - a wand of paralysis (7)
 y - a wand of mindburst (12)
Scrolls
 e - 3 scrolls of enchant weapon {unknown}
 g - a scroll of enchant armour {unknown}
 l - 3 scrolls of noise {unknown}
 p - 3 scrolls of amnesia {unknown}
 q - 3 scrolls of immolation
 t - 4 scrolls of teleportation {unknown}
 u - 6 scrolls of identify {unknown}
 v - a scroll of magic mapping {unknown}
 x - 3 scrolls of blinking {unknown}
 D - a scroll of acquirement {unknown}
 E - a scroll of vulnerability {unknown}
 G - a scroll of holy word {unknown}
 H - a scroll of fear {unknown}
Potions
 c - 2 potions of lignification {unknown}
 f - 2 potions of mutation
 j - 2 potions of haste {unknown}
 k - a potion of curing
 m - 3 potions of heal wounds {unknown}
 s - 3 potions of resistance {unknown}
 w - a potion of berserk rage {unknown}
 z - a potion of flight {unknown}
 A - a potion of brilliance {unknown}


   Skills:
 - Level 8.0 Fighting
 * Level 8.2 Dodging
 - Level 1.5 Stealth
 + Level 6.4 Spellcasting
 - Level 5.7 Invocations
 * Level 7.1 Evocations


You couldn't memorise any spells.
You knew the following spells:

 Your Spells              Type           Power      Damage    Failure   Level
a - Magic Dart            Conj           100%       1d8       1%          1
b - Searing Ray           Conj           66%        3d5       1%          2
c - Dazzling Flash        Conj/Hex       66%        N/A       1%          3
d - Fulminant Prism       Conj/Hex       16%        3d11      2%          4
e - Iskenderun's Mystic   Conj/Tloc      33%        2d8       2%          4
f - Freeze                Ice            100%       1d11      1%          1
g - Slow                  Hex            33%        N/A       1%          2
h - Static Discharge      Conj/Air       33%        N/A       1%          2
i - Ice Form              Ice/Tmut       33%        N/A       2%          4
j - Lightning Bolt        Conj/Air       16%        1d30      8%          5
Your spell library was empty.

Dungeon Overview and Level Annotations

Branches:
Dungeon (11/15)            Temple (1/1) D:5            Lair (0/6) D:9
    Orc: D:9-12

Altars:
Ashenzari
Cheibriados
Dithmenos
Elyvilon
Fedhas
Gozag
Hepliaklqana
Kikubaaqudgha
Makhleb
Nemelex Xobeh
Okawaru
Qazlal
Ru
Sif Muna
Trog
Uskayaw
Vehumet
Wu Jian
Xom
Yredelemnul
Zin
The Shining One
Lugonu

Shops:
D:1 *

Annotations:
D:2 Terence


Innate Abilities, Weirdness & Mutations

You are immune to sickness and miasma.
You are immune to poison.
Your flesh is very heat resistant. (rF++)
You are vulnerable to cold. (rC-)
You float through the air rather than walking.
You learn spells naturally, not from books.
Your magical power is your life essence.
You have superior vitality. (+4 HP)
You are clumsy. (Dex -2)
You expend health (3 HP) to strengthen your wands.


Message History

The orc warrior is severely wounded.
The orc warrior barely misses you.
Casting: Dazzling Flash (safe; 1% risk of failure)
Confirm with . or Enter, or press ? or * to list all spells.
The orc warrior is dazzled.
The orc warrior hits you with a +0 long sword.
Unknown command.
Casting: Dazzling Flash (safe; 1% risk of failure)
Confirm with . or Enter, or press ? or * to list all spells.
Aiming: Searing Ray (safe; 1% risk of failure)
Press: ? - help, Shift-Dir - straight line The searing ray hits the orc warrior but does no damage.
The orc warrior is severely wounded. (Press . to maintain the ray.)
The orc warrior hits you with a +0 long sword!
* * * LOW HITPOINT WARNING * * *
The searing ray hits the orc warrior.
The orc warrior is severely wounded.
* * * LOW HITPOINT WARNING * * *
The orc warrior hits you with a +0 long sword!
* * * LOW HITPOINT WARNING * * *
You see here 24 stones.
There is a stone staircase leading up here.
Casting: Searing Ray (safe; 1% risk of failure)
Confirm with . or Enter, or press ? or * to list all spells.
You erupt in a blast of force!
The mystic blast hits the orc warrior!
The orc warrior is almost dead.
* * * LOW HITPOINT WARNING * * *
The orc warrior hits you with a +0 long sword!
* * * LOW HITPOINT WARNING * * *
You feel better. The orc warrior misses you.
Casting: Iskenderun's Mystic Blast (dangerous; 2% risk of failure)
Confirm with . or Enter, or press ? or * to list all spells.
You erupt in a blast of force!
The mystic blast hits the orc warrior but does no damage.
The orc warrior is almost dead.
* * * LOW HITPOINT WARNING * * *
The orc warrior hits you with a +0 long sword!
You die...
Your body crumbles into a pile of gold.

#..$$..# ..#..###.# ..#
#...# #.# #.#####.# .
#.##+#.......# ...
#....#(#####.# ....####..#
#...# ..........#####.#
.......@o.#.....#
##########...#####
#........#......#
####+####......).##'####....
$ ........'..<...).......#
.. ..####..#....).<.......+
..####..#.....)........#
........#..............#
........+..............#


You could see an orc warrior.

Vanquished Creatures
  A two-headed ogre (D:7)
  Joseph (D:9)
  A troll (D:9)
  3 vampire mosquitoes (D:10)
  An acid dragon (D:11)
  A water moccasin (D:7)
  2 orc warriors (D:9)
  2 necrophages
  2 ogres
  A centaur (D:10)
  6 kobold brigands
  4 bullfrogs
  A gnoll sergeant (D:11)
  A water moccasin zombie (D:5)
  2 scorpions
  3 killer bees (D:9)
  12 wights
  3 howler monkeys
  A bullfrog zombie (D:4)
  3 centaur zombies
  A hound (D:3)
  2 jellies
  An orc priest (D:5)
  Crazy Yiuf (D:7)
  5 gnoll shamans
  A bullfrog skeleton (D:6)
  4 iguanas
  8 orc wizards
  A hound zombie (D:5)
  3 hound skeletons (D:4)
  A howler monkey zombie (D:9)
  23 gnolls
  5 adders
  A shadow imp (D:7)
  A white imp (D:7)
  An adder skeleton (D:5)
  2 worms
  2 dart slugs (D:3)
  32 orcs
  5 ball pythons
  2 endoplasms
  4 giant cockroaches
  4 goblins
  6 hobgoblins
  2 jackals (D:3)
  22 kobolds
  A quokka (D:1)
  5 bats
  5 rats
202 creatures vanquished.

Vanquished Creatures (others)
  28 fulminant prisms
  8 fungi (D:5)
  5 plants (D:5)
41 creatures vanquished.

Grand Total: 243 creatures vanquished

Notes
Turn   | Place    | Note
-------+----------+-------------------------------------------
     0 | D:1      | worthlessgem the Djinni Conjurer began the quest for the
                  | Orb.
     0 | D:1      | Reached XP level 1. HP: 15/15 MP: 0/0
    54 | D:1      | Found a faded altar of an unknown god.
   370 | D:1      | Reached XP level 2. HP: 6/21 MP: 0/0
   703 | D:1      | Found Inarou's Assorted Antiques.
  1112 | D:2      | Reached XP level 3. HP: 24/25 MP: 0/0
  1112 | D:2      | Learned a level 1 spell: Freeze
  1443 | D:2      | Noticed Terence
  2615 | D:3      | Reached XP level 4. HP: 20/31 MP: 0/0
  2730 | D:3      | Reached skill level 1 in Fighting
  3051 | D:3      | You are sucked into a shaft and drop 2 floors!
  3051 | D:5      | Entered Level 5 of the Dungeon
  3438 | D:5      | Noticed a scorpion
  3539 | D:5      | Reached XP level 5. HP: 33/38 MP: 0/0
  3539 | D:5      | Learned a level 2 spell: Slow
  3560 | D:5      | Identified the +4 hand axe of Spontaneous Combustion {elec,
                  | Str+7}
  3592 | D:5      | Found a staircase to the Ecumenical Temple.
  3601 | Temple   | Entered the Ecumenical Temple
  3777 | D:5      | Noticed an ogre
  4025 | D:5      | Killed an ogre
  4026 | D:5      | Reached XP level 6. HP: 31/46 MP: 0/0
  4162 | D:5      | Reached skill level 5 in Spellcasting
  4277 | D:5      | Found a blossoming altar of Fedhas.
  4302 | D:4      | Reached XP level 7. HP: 42/52 MP: 0/0
  4302 | D:4      | Learned a level 2 spell: Static Discharge
  4799 | D:3      | Found a snail-covered altar of Cheibriados.
  4973 | D:4      | Reached skill level 5 in Fighting
  5987 | Temple   | Became a worshipper of Elyvilon the Healer
  6105 | D:5      | Noticed a vampire
  6391 | D:5      | Found a shadowy altar of Dithmenos.
  6504 | D:5      | Reached XP level 8. HP: 60/61 MP: 0/0
  6840 | D:6      | Found a broken altar of Ashenzari.
  7323 | D:6      | Found a shimmering altar of Xom.
  7326 | D:6      | Reached * piety under Elyvilon
  8070 | D:3      | Reached ** piety under Elyvilon
  8569 | D:7      | Reached XP level 9. HP: 63/69 MP: 0/0
  8569 | D:7      | Learned a level 4 spell: Ice Form
  9055 | D:7      | Found a runed translucent door.
  9056 | D:7      | Noticed Crazy Yiuf
  9158 | D:7      | Killed Crazy Yiuf
  9901 | D:7      | Found a sparkling altar of Nemelex Xobeh.
  9902 | D:7      | Found a bloodstained altar of Trog.
  9954 | D:7      | Noticed a two-headed ogre
 10028 | D:7      | Killed a two-headed ogre
 10029 | D:7      | Reached skill level 5 in Invocations
 10421 | D:7      | Reached skill level 1 in Evocations
 10672 | D:7      | Reached *** piety under Elyvilon
 11273 | D:8      | Gained mutation: You are clumsy. (Dex -2) [potion of
                  | mutation]
 11273 | D:8      | Gained mutation: You expend health (3 HP) to strengthen
                  | your wands. [potion of mutation]
 11278 | D:8      | Reached XP level 10. HP: 62/76 MP: 0/0
 12924 | D:9      | Reached skill level 5 in Dodging
 13150 | D:9      | Reached **** piety under Elyvilon
 13632 | D:9      | Found a staircase to the Lair.
 13701 | D:9      | Reached skill level 5 in Evocations
 14470 | D:9      | Noticed Joseph
 14481 | D:9      | Killed Joseph
 14816 | D:10     | Entered Level 10 of the Dungeon
 15297 | D:10     | Reached XP level 11. HP: 44/81 MP: 0/0
 15297 | D:10     | Learned a level 5 spell: Lightning Bolt
 15475 | D:10     | Found an opulent altar of Gozag.
 15484 | D:10     | Fell from the grace of Elyvilon
 15484 | D:10     | Became a worshipper of Gozag Ym Sagoz the Greedy
 15646 | D:10     | Found a stormy altar of Qazlal.
 16323 | D:11     | HP: 3/81 [orc warrior (10)]
 16325 | D:11     | Slain by an orc warrior

Illustrated notes

Levels and vault maps discovered:
D:1:      tarquinn_simple_flora_water_d, layout_loops_cross,
          hellmonk_ecumenical_altar_blasted, serial_shops, shop
D:2:      layout_basic, corexii_hall_statues_u, uniq_terence
D:3:      layout_basic, general_overflow_altar, kennysheep_slug_shrine,
          kennysheep_generic_room_3
D:4:      layout_basic, minmay_misc_feat_iff, minmay_misc_feat_four_crosses,
          kennysheep_generic_room_14
D:5:      layout_rooms, mainiacjoe_overflow_tiny_flanked, fedhas_altar_3,
          minmay_temple_entry_hall
D:6:      layout_basic, nicolae_ashenzari_panopticon,
          mainiacjoe_overflow_boulevard
D:7:      minmay_inner_zag, layout_basic, mainiacjoe_overflow_divided_tiny,
          uniq_crazy_yiuf_cottage
D:8:      layout_basic
D:9:      layout_loops_corners, lair_entry_dummy, nicolae_lava_and_water,
          grunt_decor_cap, uniq_joseph
D:10:     layout_roguey, nicolae_qazlal_style_of_elements,
          nicolae_gozag_seed_capital, nicolae_vehumet_altar_sigil
D:11:     layout_stronghold, nicolae_trove_entry_columns,
          minmay_misc_feat_ornament, minmay_alternating_orb, uniq_maurice
Temple:   kb_corrupted_temple

Skill      XL: |  1  2  3  4  5  6  7  8  9 10 11 |
---------------+----------------------------------+-----
Spellcasting   | 4 5 6 |  6.4
Fighting       | 2 3 4 5 7 8 |  8.0
Invocations    | 5 |  5.7
Evocations     | 2 6 7 |  7.1
Dodging        | 3 7 8 |  8.2
Stealth        | |  1.5

Action                   |  1- 3 |  4- 6 |  7- 9 | 10-12 || total
-------------------------+-------+-------+-------+-------++-------
Melee: Hand axe          |       |       |    93 |    48 ||   141
 Fire: Hunting sling     |    46 |    33 |    27 |       ||   106
       Hand crossbow     |       |       |       |    38 ||    38
Throw: Dart              |       |       |    12 |     9 ||    21
 Cast: Magic Dart        |    27 |     3 |    13 |       ||    43
       Searing Ray       |     4 |    13 |    17 |     8 ||    42
       Dazzling Flash    |     4 |       |     3 |     4 ||    11
       Slow              |       |     7 |     7 |     7 ||    21
       Fulminant Prism   |       |     1 |    14 |    13 ||    28
       Freeze            |       |       |     6 |     3 ||     9
       Static Discharge  |       |       |    13 |    23 ||    36
       Iskenderun's Myst |       |       |     2 |     7 ||     9
       Lightning Bolt    |       |       |       |     5 ||     5
Invok: Heal Other        |       |       |     2 |     3 ||     5
Evoke: Wand              |       |       |       |     4 ||     4
  Use: Potion            |       |       |     2 |     2 ||     4
 Stab: Sleeping          |       |       |     3 |       ||     3
       Distracted        |       |       |     1 |       ||     1
       Paralysed         |       |       |       |     8 ||     8
Armor: Robe              |     5 |     3 |    19 |    15 ||    42
Dodge: Dodged            |    11 |    10 |   101 |    78 ||   200
